 Dungeon Sprint DCSS version 0.31-a0-879-g1609e0ac53 (webtiles) character file.

Game seed: 13892618675704766530

593 rocky1 the Carver (level 7, -6/58 HPs)
             Began as a Djinni Gladiator on Oct 15, 2023.
             Was an Initiate of Gozag.
             Shot with a bolt by a yaktaur captain (35 damage)
             ... in the Dungeon (Sprint II: "The Violet Keep of Menkaure").
             The game lasted 00:02:02 (437 turns).

rocky1 the Carver (Djinni Gladiator)                 Turns: 437, Time: 00:02:03

Health: -6/58      AC:  0    Str: 13    XL:     7   Next: 67%
Gold:   0          EV: 19    Int:  9    God:    Gozag SH:  0 Dex: 17

rFire   . . .        h - melded +11 scimitar "Acarineslayer" {flame, rPois}
rCold   . . .        (shield currently unavailable)
rNeg    . . .        b - melded +0 leather armour
rPois   ∞            c - melded +0 helmet
rElec   .            (cloak currently unavailable)
rCorr   .            (gloves currently unavailable)
SInv    .            (boots unavailable)
Will    .....        (no amulet)
Stlth   ++           (ring currently unavailable)
HPRegen 0.29/turn    (ring currently unavailable)
MPRegen 0.00/turn

%: no teleportation, infuse magic (-7 HP)
@: pig-form, flying, very quick
A: fast, flying, no casting, sickness immunity, small, (fire resistance 2),
(cold vulnerability 1), float, innate caster, HP casting, extra vitality 1
a: Renounce Religion, Potion Petition, Call Merchant, Bribe Branch


You were in the Dungeon.
You worshipped Gozag.
Gozag was noncommittal.
You were a filthy swine.
You visited 1 branch You collected 297 gold pieces.
You spent 297 gold pieces at shops.

Inventory:

Hand Weapons
 a - a +0 long sword
 h - the +11 scimitar "Acarineslayer" (melded) {flame, rPois}
   (You bought it in a shop in the Dungeon)

   rPois:     It protects you from poison
Missiles
 d - 2 throwing nets (quivered)
 e - a javelin
Armour
 b - a +0 leather armour (melded)
 c - a +0 helmet (melded)
Scrolls
 j - a scroll of blinking
Potions
 f - a potion of curing
 g - a potion of heal wounds
 i - a potion of berserk rage


   Skills:
 + Level 7.2 Fighting
 * Level 9.5 Long Blades
 - Level 1.5 Throwing
 + Level 6.8 Armour
 + Level 8.3 Dodging


You knew the following spells:

 Your Spells              Type           Power      Damage    Failure   Level
a - Magic Dart            Conj           0%         1d3       38%         1
b - Poisonous Vapours     Pois/Air       0%         N/A       52%         2
c - Swiftness             Air            0%         N/A       77%         3
Your spell library was empty.

Dungeon Overview and Level Annotations

Branches:
Dungeon (1/1)

Altars:
Cheibriados
Dithmenos
Elyvilon
Fedhas
Gozag
Hepliaklqana
Makhleb
Nemelex Xobeh
Okawaru
Qazlal
Ru
Trog
Uskayaw
Wu Jian
Xom
Yredelemnul
Zin
The Shining One
Jiyva
Lugonu

Shops:
D =::[(!=!?[[*(=[

Annotations:
D exclusions: obsidian statue, oklob plant and orange crystal statue, Kirke


Innate Abilities, Weirdness & Mutations

You are a filthy swine.
You move quickly.
You are flying.
Your equipment is almost entirely melded.
You are incapable of wielding weapons or throwing items.
You cannot cast spells.
You are immune to sickness and miasma.
You are immune to poison.
((Your flesh is very heat resistant. (rF++)))
((You are vulnerable to cold. (rC-)))
You float through the air rather than walking.
You learn spells naturally, not from books.
Your magical power is your life essence.
You have superior vitality. (+4 MHP)


Message History

There is an open door here.
There is an open door here.
A centaur warrior, Kirke and a kobold demonologist come into view.
Kirke shouts!
A skeletal warrior comes into view. It is wielding a +0 trident.
The centaur warrior moves out of view.
A yaktaur captain comes into view.
The yaktaur captain shouts!
A spectral adder comes into view.
An elephant comes into view.
The kobold demonologist gestures wildly while chanting.
Okay, then.
You see here a water moccasin skeleton.
Marking area around an obsidian statue as unsafe for travelling.
Marking area around an obsidian statue as unsafe for travelling.
The obsidian statue slips into the dungeon's darkness for a moment.
The obsidian statue slips into the dungeon's darkness for a moment.
You reach down and open the door.
Found a runed hand axe.
There is an open door here.
You see here a +1 hand axe of electrocution.
You start waiting.
The obsidian statue slips into the dungeon's darkness for a moment. x4
Done waiting.
There is an open door here.
The skeletal warrior is engulfed in a cloud of scalding steam.
The yaktaur captain wields a +0 arbalest.
The yaktaur captain shoots a bolt.
The bolt hits you!!
Ouch! That really hurt!
Kirke points at you and mumbles some strange words.
You turn into a filthy swine.
The +11 scimitar "Acarineslayer" {flame, rPois} melds into your body.
Your +0 helmet melds into your body.
Your +0 leather armour melds into your body.
The +11 scimitar "Acarineslayer" {flame, rPois} stops flaming.
Unknown command.
Unknown command.
The yaktaur captain shoots a bolt.
The bolt hits you!!
Ouch! That really hurt!
You die...
Your body crumbles into a pile of gold.

##.##...#÷...###...##▓▓▓▓▓▓
#+###.##..§...~~~~~~~~~~~~
## ###~~.....~#'########+ ~#
#~~~~~~~..~#_._.....#~ ~#
##~~~~z~§~.~#._._....#~ ~~#
+##~~~≈≈≈~~@~~#_._._...#~
~~~~~~~~~~≈§≈≈~~c#._._._..#~
++#+++#~≈§§§§≈≈~#_._._._.#~
§ ##§§§###h≈#._._._._#§
##≈≈#)#≈≈#.._._._.#~
+§≈#'#≈≈#._._._..#§
#§§≈≈≈≈≈######
##########~~~~~
#≈§§§≈§§###~####
#≈≈≈≈§≈≈§≈##~#
+≈≈≈§≈8≈≈≈≈§+~#
##≈≈≈§≈≈≈§§####


You could see Kirke, a yaktaur captain and a skeletal warrior.

Vanquished Creatures
  A merfolk siren (D)
  Menkaure (D)
  A water moccasin (D)
3 creatures vanquished.

Notes
Turn   | Place    | Note
-------+----------+-------------------------------------------
     0 | D        | rocky1 the Djinni Gladiator began the quest for the Orb.
     0 | D        | Reached XP level 1. HP: 18/18 MP: 0/0
     1 | D        | Noticed a merfolk siren
    18 | D        | Killed a merfolk siren
    19 | D        | Reached skill level 8 in Long Blades
    19 | D        | Reached XP level 2. HP: 30/30 MP: 0/0
    19 | D        | Reached XP level 3. HP: 35/35 MP: 0/0
    19 | D        | Learned a level 1 spell: Magic Dart
    19 | D        | Reached XP level 4. HP: 40/40 MP: 0/0
    19 | D        | Reached XP level 5. HP: 46/46 MP: 0/0
    19 | D        | Learned a level 2 spell: Poisonous Vapours
    19 | D        | Reached XP level 6. HP: 51/51 MP: 0/0
    19 | D        | Reached XP level 7. HP: 57/57 MP: 0/0
    19 | D        | Learned a level 3 spell: Swiftness
    27 | D        | Noticed a water moccasin
    37 | D        | Killed a water moccasin
    38 | D        | Reached skill level 9 in Long Blades
    39 | D        | Found an iron altar of Okawaru.
    39 | D        | Found a glowing silver altar of Zin.
    40 | D        | Found a sparkling altar of Nemelex Xobeh.
    40 | D        | Found a hide-covered altar of Uskayaw.
    40 | D        | Found a basalt altar of Yredelemnul.
    41 | D        | Found an opulent altar of Gozag.
    41 | D        | Found a burning altar of Makhleb.
    41 | D        | Found a bloodstained altar of Trog.
    42 | D        | Found a blossoming altar of Fedhas.
    42 | D        | Found a corrupted altar of Lugonu.
    43 | D        | Found a white marble altar of Elyvilon.
    44 | D        | Found a shadowy altar of Dithmenos.
    44 | D        | Found a viscous altar of Jiyva.
    45 | D        | Found a snail-covered altar of Cheibriados.
    47 | D        | Found a shimmering altar of Xom.
    47 | D        | Found a sacrificial altar of Ru.
    47 | D        | Found a hazy altar of Hepliaklqana.
    48 | D        | Found a glowing golden altar of the Shining One.
    48 | D        | Found an ornate altar of the Wu Jian Council.
    48 | D        | Found a stormy altar of Qazlal.
    50 | D        | Became a worshipper of Gozag Ym Sagoz the Greedy
    66 | D        | Noticed Menkaure
    67 | D        | Noticed an orange crystal statue
    78 | D        | Killed Menkaure
    83 | D        | Found Faithaw's Jewellery Shoppe.
    83 | D        | Found Zacki's Antique Armour Emporium.
    84 | D        | Found Tuuruov's Assorted Antiques.
    84 | D        | Found Ruigoal's Antique Armour Emporium.
    84 | D        | Found Sirauh's Weapon Emporium.
    85 | D        | Found Deutz's Magic Scroll Shoppe.
    85 | D        | Found Remysir's Antique Armour Emporium.
    85 | D        | Found Mugud's Distillery.
    86 | D        | Found Xurhess's Distillery.
    86 | D        | Found Zaf Ucs's Jewellery Emporium.
    86 | D        | Found Ypaonuk's Antique Weapon Shoppe.
    86 | D        | Noticed a fire dragon
    87 | D        | Noticed a wyvern
    88 | D        | Noticed a wyvern
    92 | D        | Noticed a wyvern
   257 | D        | Found Heugaavi's Antique Armour Shoppe.
   257 | D        | Found Yjuby's Book Emporium.
   257 | D        | Noticed an oklob plant
   258 | D        | Found Qoahuf's Jewellery Shoppe.
   258 | D        | Found Bysotwec's Book Shoppe.
   271 | D        | Bought an ivory scimitar for 297 gold pieces
   271 | D        | Identified the +11 scimitar "Acarineslayer" {flame, rPois}
                  | (You bought it in a shop in the Dungeon)
   297 | D        | Noticed a centaur warrior
   297 | D        | Noticed Kirke
   297 | D        | Noticed a kobold demonologist
   297 | D        | Noticed a skeletal warrior
   298 | D        | Noticed a yaktaur captain
   298 | D        | Noticed an elephant
   320 | D        | Noticed an obsidian statue
   437 | D        | Shot with a bolt by a yaktaur captain

Illustrated notes

Levels and vault maps discovered:
D:        the_violet_keep_of_menkaure [sprint2_stairs_cluster_1,
          sprint2_shoproom, sprint2_temple, sprint2_basic_supplies,
          sprint2_obstacle_5, sprint2_obstacle_3, sprint2_obstacle_4,
          sprint2_obstacle_6, sprint2_obstacle_7, sprint2_timed_cluster_1,
          sprint2_smallroom_cluster_1, sprint2_smallroom_final_cluster_1,
          sprint2_transparent_cluster_1, sprint2_second_timed_cluster_1,
          sprint2_sniper_area_1, sprint2_heavy_combat_area_1,
          sprint2_mutation_trap_area_1, sprint2_forest_area_1,
          sprint2_light_combat_area_1, sprint2_behind_water_1,
          sprint2_near_end_vault_1]

Skill      XL: |  1  2  3  4  5  6  7 |
---------------+----------------------+-----
Fighting       | 6 7 |  7.2
Long Blades    | 8 9 |  9.5
Armour         | 6 |  6.8
Dodging        | 7 8 |  8.3
Throwing       | |  1.5

Action                     |  1- 3 |  4- 6 |  7- 9 || total
---------------------------+-------+-------+-------++-------
  Melee: Long sword        |    13 |       |    20 ||    33
         Punch             |       |       |     1 ||     1
  Throw: Throwing net      |     2 |       |       ||     2
    Use: Potion            |     1 |       |       ||     1
   Stab: Held in net/web   |     2 |       |       ||     2
 Armour: Leather armour    |       |       |    10 ||    10
         Skin              |       |       |     1 ||     1
  Dodge: Dodged            |       |       |     5 ||     5

Table legend: (Time is in decaauts)
 A = Elapsed time spent in this place.
 B = Non-inter-level travel time spent in this place.
 C = Inter-level travel time spent in this place.
 D = Time resting spent in this place.
 E = Time spent auto-exploring this place.
 F = Levels seen in this place.
 G = Mean time per level.
                   A        B        C        D        E       F      G
               +--------+--------+--------+--------+--------+-----+--------+
         Total |    421 |    412 |      9 |    267 |      0 |   1 |  421.0 |
       Dungeon |    421 |    412 |      9 |    267 |      0 |   1 |  421.0 |
               +--------+--------+--------+--------+--------+-----+--------+

Top non-repeatable levels by time:
       D: 421 daAuts
